Map: Dusk Towers

Players

Miszu - Winner!

  • Race: Terran Terran
  • League: Master

ghasT

  • Race: Terran Terran
  • League: Master

VOD

Have the link to the VOD?

Description

Time

  • Played on: June 11, 2016, 12:42 p.m.
  • Length: 14:10
Show
View Real Time Build Order
Export as new Build Order

Miszu Terran - Winner!

Build Orders: Bio Tank 

Get SALT Encoding   

  12  0:01  SCV  
  13  0:14  SCV  
  14  0:19  Supply Depot  
  14  0:26  SCV  
  15  0:41  SCV  
  16  0:45  Barracks  
  16  0:48  Refinery  
  16  0:53  SCV  
  17  1:05  SCV  
  18  1:17  SCV  
  20  1:34  Reaper, Orbital Command  
  20  1:39  Command Center  
  20  1:53  Supply Depot  
  20  2:00  SCV  
  21  2:06  Barracks Reactor  
  21  2:12  SCV  
  22  2:27  Factory  
  22  2:31  SCV  
  23  2:39  Refinery  
  23  2:43  SCV  
  24  2:44  Marine x2  
  26  2:51  Orbital Command  
  26  2:55  SCV  
  27  3:02  Marine x2  
  29  3:11  SCV  
  30  3:12  Starport  
  30  3:13  Factory Tech Lab  
  30  3:17  SCV  
  31  3:20  Marine x2  
  33  3:27  SCV  
  33  3:33  SCV  
  35  3:38  Supply Depot  
  35  3:39  Marine x2, SCV  
  38  3:43  Command Center  
  38  3:45  SCV  
  39  3:49  Medivac  
  39  3:52  SCV  
  42  3:57  Marine x2  
  42  4:01  SCV  
  44  4:03  Supply Depot  
  44  4:08  SCV  
  45  4:14  Siege Tank  
  45  4:15  SCV  
  49  4:18  Viking  
  49  4:20  SCV  
  52  4:27  SCV  
  52  4:28  Supply Depot  
  53  4:32  SCV  
  53  4:36  Barracks x2  
  54  4:39  SCV  
  54  4:42  Refinery  
  54  4:44  Marine x2, SCV  
  58  4:48  Siege Tank  
  58  4:51  SCV  
  59  5:04  Marine x2  
  59  5:05  Starport Reactor  
  59  5:06  SCV x2, Orbital Command  
  56  5:11  Refinery  
  54  5:32  SCV  
  54  5:33  SCV x2  
  54  5:34  Barracks Tech Lab  
  57  5:35  Barracks Tech Lab  
  57  5:39  Engineering Bay x2  
  57  5:41  Marine x2  
  59  5:43  Siege Tank  
  59  5:45  SCV x2  
  59  5:49  Orbital Command  
  64  5:55  Stimpack  
  64  5:56  Barracks x2  
  64  5:57  SCV  
  64  5:58  SCV  
  64  5:59  Marine x2  
  64  6:04  Combat Shields  
  68  6:06  Terran Infantry Weapons Level 1  
  68  6:07  Terran Infantry Armor Level 1  
  68  6:10  SCV x2  
  68  6:15  Marine  
  68  6:17  Marine, Medivac  
  72  6:18  Medivac  
  72  6:20  SCV  
  72  6:22  SCV x2  
  77  6:29  Supply Depot  
  77  6:31  Marine x2  
  77  6:32  SCV  
  80  6:34  SCV  
  80  6:35  SCV  
  81  6:44  SCV  
  81  6:45  Marine x2  
  81  6:46  SCV  
  81  6:47  Missile Turret x2  
  85  6:50  Missile Turret  
  85  6:53  SCV  
  86  6:55  Supply Depot  
  86  6:56  SCV  
  86  6:58  Supply Depot  
  86  6:59  SCV  
  88  7:04  Marine x2  
  88  7:05  Barracks Reactor x2  
  90  7:09  Armory  
  90  7:12  SCV x2  
  90  7:13  SCV  
  93  7:17  Marine x2  
  93  7:18  Supply Depot  
  93  7:21  Marine  
  96  7:24  SCV, Armory  
  96  7:26  Medivac, Siege Tank  
  96  7:28  Medivac  
  104  7:34  Supply Depot  
  103  7:37  Refinery  
  103  7:38  Refinery  
  103  7:39  Marine x3  
  103  7:42  Marine x4  
  110  7:47  Supply Depot  
  110  7:51  Marine  
  110  7:56  Marine, Medivac  
  110  7:57  Marine  
  115  7:58  Medivac  
  115  8:02  Terran Infantry Weapons Level 2  
  115  8:03  Terran Infantry Armor Level 2  
  117  8:05  Marine  
  117  8:06  Marine x3  
  113  8:26  Marine  
  98  8:27  Marine x7  
  98  8:28  Medivac, Siege Tank  
  111  8:35  Barracks  
  111  8:36  Barracks  
  111  8:37  Medivac, Barracks  
  113  8:43  Factory  
  113  8:44  Marine, Terran Vehicle Weapons Level 1  
  113  8:45  Marine x7, SCV x3  
  124  8:57  SCV  
  124  8:58  Medivac  
  124  9:00  Siege Tank  
  124  9:01  SCV  
  124  9:02  Marine, SCV  
  132  9:03  Marine  
  133  9:17  Supply Depot  
  133  9:18  Supply Depot  
  133  9:19  Supply Depot  
  133  9:23  Marine x4  
  133  9:31  Barracks Reactor x2  
  133  9:32  Barracks Reactor  
  133  9:33  Factory Tech Lab  
  133  9:34  Command Center  
  133  9:39  Marine x4  
  133  9:41  Marine x4  
  141  9:45  Siege Tank  
  141  9:46  Medivac x2  
  148  9:57  Marine x4  
  148  9:59  Marine x4  
  156  10:07  Siege Tank  
  156  10:10  Supply Depot  
  156  10:11  Supply Depot  
  156  10:12  Supply Depot x2  
  130  10:14  Marine x4  
  130  10:16  Marine x4  
  130  10:18  Marine x6  
  141  10:22  Siege Tank  
  144  10:32  Marine x4  
  144  10:33  Medivac x2  
  144  10:34  Marine  
  153  10:39  Siege Tank  
  153  10:40  Marine  
  153  10:41  Marine  
  159  10:47  Orbital Command  
  159  10:52  Terran Infantry Weapons Level 3  
  159  10:54  Siege Tank  
  159  10:55  Marine, Terran Infantry Armor Level 3  
  162  10:57  Marine  
  163  11:04  Marine  
  163  11:05  Marine x7  
  171  11:12  Terran Vehicle Weapons Level 2  
  171  11:14  Marine  
  171  11:15  Marine x3  
  173  11:26  Marine  
  173  11:27  Marine x8  
  182  11:35  Marine x5  
  187  11:44  Marine  
  188  11:51  Siege Tank x2, Orbital Command  
  188  11:52  Medivac x2  
  195  12:08  Sensor Tower  
  178  12:22  Medivac  
  139  12:27  Marine x2  
  139  12:28  Marine x12  
  139  12:29  Medivac, Siege Tank  
  154  12:45  Marine x8  
  154  12:46  Marine x5  
  154  12:49  Siege Tank  
  170  12:52  Medivac  
  172  13:03  Medivac, Siege Tank  
  172  13:21  Siege Tank  
  172  13:23  Marine  
  172  13:24  Marine x6  
  172  13:25  Marine  
  172  13:26  Marine x6  
  166  13:41  Marine  
  166  13:42  Marine x6  
  166  13:43  Marine  
  166  13:44  Marine x6  
  166  13:47  SCV  
Show
View Real Time Build Order
Export as new Build Order

ghasT Terran 

Build Orders: Bio Tank 

Get SALT Encoding   

  12  0:01  SCV  
  13  0:13  SCV  
  14  0:17  Supply Depot  
  14  0:25  SCV  
  15  0:39  SCV  
  15  0:40  Barracks  
  16  0:44  Refinery  
  16  0:51  SCV  
  17  1:03  SCV  
  18  1:15  SCV  
  19  1:28  Barracks Reactor  
  19  1:29  Orbital Command  
  19  1:44  Command Center  
  19  1:57  SCV  
  20  2:05  Marine  
  20  2:06  Supply Depot, Marine  
  22  2:10  SCV  
  22  2:18  Factory  
  22  2:22  SCV  
  23  2:27  Marine x2  
  25  2:34  Refinery, SCV  
  26  2:45  Marine x2  
  26  2:46  SCV  
  29  2:56  Orbital Command  
  29  2:59  SCV  
  29  3:02  Widow Mine  
  32  3:06  Starport  
  32  3:09  Marine x2  
  34  3:15  SCV  
  35  3:21  SCV  
  36  3:27  Marine x2, SCV  
  36  3:31  Factory Tech Lab  
  36  3:33  SCV  
  40  3:39  SCV  
  41  3:43  Supply Depot, Medivac  
  41  3:45  Marine x2  
  41  3:48  SCV  
  46  3:56  Supply Depot  
  46  4:04  Marine x2, Cyclone, SCV  
  46  4:07  SCV  
  54  4:18  SCV  
  54  4:23  Marine x2  
  57  4:24  SCV  
  57  4:30  SCV  
  59  4:31  Supply Depot  
  59  4:33  Command Center  
  59  4:35  Engineering Bay  
  59  4:37  Viking  
  61  4:40  SCV  
  61  4:44  Refinery  
  62  4:53  SCV  
  62  4:54  Barracks Tech Lab  
  62  4:57  Barracks  
  59  5:13  Marine  
  60  5:14  Siege Tank  
  60  5:15  Starport Reactor  
  62  5:30  SCV x2  
  64  5:35  Barracks  
  64  5:39  Marine  
  64  5:40  Stimpack  
  64  5:42  SCV x2  
  66  5:45  Barracks  
  66  5:46  Barracks  
  66  5:47  Engineering Bay, Barracks, Orbital Command  
  66  5:49  Marine x2  
  69  5:55  SCV x2  
  69  5:57  Marine  
  75  6:04  Medivac, Siege Tank  
  75  6:05  Medivac  
  75  6:07  SCV  
  75  6:08  Orbital Command  
  75  6:09  SCV  
  81  6:17  Marine x3  
  82  6:19  SCV  
  82  6:21  SCV  
  82  6:22  Supply Depot  
  82  6:25  Supply Depot  
  84  6:27  Terran Infantry Weapons Level 1  
  84  6:29  Terran Infantry Armor Level 1  
  84  6:31  SCV  
  85  6:36  Barracks Reactor x2  
  85  6:37  Barracks Reactor x2  
  85  6:43  Marine x3, SCV x3  
  91  6:54  Supply Depot  
  91  6:55  SCV x3  
  91  6:56  Supply Depot  
  91  6:57  Refinery  
  94  7:04  Marine x3  
  94  7:05  Siege Tank  
  94  7:07  SCV  
  101  7:13  Supply Depot  
  101  7:15  Supply Depot, Marine x4, Medivac  
  105  7:16  Supply Depot  
  105  7:18  SCV x2  
  109  7:23  Marine x2  
  109  7:24  Marine x3  
  114  7:31  Marine  
  114  7:32  Marine  
  114  7:33  Marine  
  114  7:34  Medivac  
  114  7:36  SCV  
  114  7:37  SCV  
  121  7:38  SCV  
  121  7:43  Siege Tank  
  125  7:45  Medivac  
  125  7:47  Combat Shields  
  125  7:49  SCV x2  
  125  7:50  SCV  
  130  7:56  Marine x4  
  130  7:57  Marine x6  
  130  7:58  Marine  
  140  8:02  SCV x3  
  117  8:20  Marine  
  117  8:21  Marine x10  
  101  8:27  Siege Tank  
  101  8:28  Medivac x2, SCV  
  101  8:29  SCV x2  
  101  8:32  Refinery x2  
  111  8:38  Marine  
  111  8:39  Marine  
  111  8:40  Armory  
  113  8:45  Marine x9  
  122  8:52  SCV  
  123  8:56  Marine x2  
  123  8:58  Supply Depot  
  123  8:59  Supply Depot  
  123  9:00  Command Center  
  124  9:02  Marine  
  124  9:03  Marine  
  124  9:07  Medivac x2, Siege Tank  
  132  9:14  Factory  
  132  9:15  Marine x3  
  132  9:16  Barracks Reactor  
  135  9:18  Marine  
  134  9:26  Marine x5  
  139  9:33  Terran Infantry Weapons Level 2  
  139  9:34  Terran Infantry Armor Level 2  
  139  9:37  Marine  
  139  9:38  Marine x4  
  140  9:39  Medivac  
  140  9:40  Medivac  
  140  9:44  Marine x5  
  145  10:01  Marine x5  
  145  10:02  Siege Tank x2  
  144  10:15  Marine x7  
  144  10:18  Marine  
  144  10:19  Marine x2  
  144  10:20  Marine x2  
  156  10:28  Barracks x2  
  156  10:32  Medivac x2  
  156  10:33  Marine x4  
  164  10:37  Supply Depot, Command Center  
  164  10:38  Supply Depot  
  164  10:39  Marine  
  165  10:58  Marine x5  
  165  10:59  Marine x5, Siege Tank  
  165  11:00  Siege Tank  
  181  11:16  Marine  
  181  11:17  Marine  
  181  11:18  Barracks Reactor x2  
  181  11:25  Marine  
  181  11:30  Marine  
  181  11:36  Supply Depot, Marine x4, Medivac x2  
  181  11:39  Supply Depot  
  189  11:49  Marine x3  
  189  11:51  Planetary Fortress  
  192  12:15  Marine x5  
  161  12:16  Marine x7  
  161  12:17  Siege Tank  
  161  12:18  Marine, Medivac x2, Siege Tank  
  161  12:19  Marine x3  
  131  12:33  Marine x9  
  131  12:34  Marine x3  
  131  12:36  Marine  
  125  12:37  Marine x3  
  128  12:50  Marine  
  129  12:51  Marine x10  
  129  12:54  Medivac x2, Siege Tank x2  
  129  12:56  Marine x3  
  152  13:04  Marine  
  152  13:05  Marine  
  154  13:08  Marine  
  154  13:09  Marine x5  
  150  13:21  Marine x8  
  150  13:22  Marine x2  
  150  13:26  Marine, Medivac  
  150  13:27  Marine x5  
  116  13:34  Siege Tank x2  
  85  13:50  Marine x7  
Tags
 
Add a new tag
Caveats
  • Supply blocks, unpowered buildings, or Contaminate may cause inaccurate times.
  • Supply counts are checked every 10 seconds.